 Dungeon Crawl Stone Soup version 0.18.1-8-gdd0e5ea (webtiles) character file.

118 shmeve the Chopper (level 4, 0/42 HPs)
             Began as a Deep Dwarf Berserker on May 27, 2016.
             Was a Believer of Trog.
             Slain by Natasha (1 damage)
             ... on level 2 of the Dungeon.
             The game lasted 00:02:31 (1024 turns).

shmeve the Chopper (Deep Dwarf Berserker)           Turns: 1024, Time: 00:02:31

Health: 0/42       AC:  3    Str: 22    XL:     4   Next: 72%
Magic:  5/5        EV: 12    Int:  7    God:    Trog [**....]
Gold:   99         SH:  0    Dex: 12    Spells: 0 memorised, 3 levels left

rFire  . . .     SeeInvis .     a - +0 hand axe
rCold  . . .     Gourm    .     b - +0 animal skin
rNeg   . . .     Faith    .     (no shield)
rPois  .         Spirit   .     (no helmet)
rElec  .         Dismiss  .     (no cloak)
rCorr  .         Reflect  .     (no gloves)
SustAt .         Harm     .     j - +0 pair of boots
MR     +....                    (no amulet)
Stlth  +.........               (no ring)
                                t - ring of protection from magic

@: non-regenerating, somewhat resistant to hostile enchantments, very unstealthy
A: damage resistance, recharge devices, sense surroundings 1, slow regeneration
3
a: Device Recharging, Berserk, Trog's Hand, Burn Spellbooks, Renounce Religion


You were on level 2 of the Dungeon.
You worshipped Trog.
Trog was pleased with you.
You were not hungry.

You visited 1 branch of the dungeon, and saw 2 of its levels.

You collected 99 gold pieces.

Inventory:

Hand Weapons
 a - a +0 hand axe (weapon)
Armour
 b - a +0 animal skin (worn)
 j - a +0 pair of boots (worn)
Jewellery
 t - a ring of protection from magic (left hand)
Wands
 c - a wand of heal wounds (4/9)
Scrolls
 e - a scroll of immolation {unknown}
 g - a scroll of magic mapping {unknown}
 n - 4 scrolls of identify {unknown}
 o - a scroll of recharging {unknown}
 p - a scroll of fear {unknown}
 q - a scroll of teleportation {unknown}
 s - a scroll of blinking {unknown}
Potions
 f - 2 potions of heal wounds {unknown}
 h - a potion of agility {unknown}
 i - a potion of invisibility {unknown}
 k - a potion of curing {unknown}
Comestibles
 d - 2 bread rations
 l - a meat ration
 m - a beef jerky


   Skills:
 * Level 3.5 Fighting
 * Level 4.5 Axes
 + Level 2.7 Armour
 + Level 2.7 Dodging
 + Level 1.3 Evocations


You had 3 spell levels left.
You didn't know any spells.

Dungeon Overview and Level Annotations

Branches:
Dungeon (2/15)

Altars:
The Shining One

Annotations:
D:2 Natasha


Innate Abilities, Weirdness & Mutations

You are resistant to damage.
You can recharge devices by infusing magical energy.
You passively map a small area around you.
You do not regenerate naturally.


Message History

You hit the iron imp but do no damage. The iron imp hits you.
Natasha casts a spell at you. The magic dart hits you!
* * * LOW HITPOINT WARNING * * *
You closely miss Natasha.
Natasha is severely wounded.
You barely miss the iron imp. Natasha claws you.
* * * LOW HITPOINT WARNING * * *
The iron imp misses you.
You closely miss Natasha.
Natasha is severely wounded.
You closely miss the iron imp.
Natasha mumbles some strange words.
The iron imp hits you but does no damage.
You hit Natasha but do no damage.
Natasha is severely wounded.
You hit the iron imp.
The iron imp is lightly wounded.
Natasha claws you.
You die...

#...........###..##
#............#..##
#..........#.#.#######
#.........##.รท.......#
#....########......).###
#....# ######..........#
#....# #....5...<......#
###+#*
#...5h..........#####
#.####...@...####.........
#....'.......# #.........
######.......# ####......
#.......# ###....
#.......# #....
####.......# #....
#.......#### #####
###.####### #<#)#


You could see an iron imp, Natasha and a crimson imp.

Vanquished Creatures
  Natasha (twice) (D:2)
  3 adders (D:2)
  An ooze (D:2)
  A giant gecko (D:1)
  5 bats
  A giant cockroach (D:1)
  8 goblins
  4 hobgoblins
  A ball python (D:2)
  4 giant newts
  6 kobolds
  7 rats
43 creatures vanquished.

Notes
Turn   | Place    | Note
--------------------------------------------------------------
     0 | D:1      | shmeve the Deep Dwarf Berserker began the quest for the Orb.
     0 | D:1      | Reached XP level 1. HP: 20/20 MP: 1/1
    86 | D:1      | Reached XP level 2. HP: 18/27 MP: 2/2
   568 | D:2      | Reached XP level 3. HP: 16/34 MP: 3/3
   601 | D:2      | Reached ** piety under Trog
   621 | D:2      | Reached skill level 4 in Axes
   621 | D:2      | Reached skill level 1 in Evocations
   758 | D:2      | Noticed Natasha
   765 | D:2      | Killed Natasha
   765 | D:2      | Reached XP level 4. HP: 42/42 MP: 4/4
   800 | D:2      | Noticed Natasha
   801 | D:2      | Found a glowing golden altar of the Shining One.
   975 | D:2      | Killed Natasha
  1009 | D:2      | Noticed Natasha
  1022 | D:2      | HP: 1/42 [Natasha (4)]
  1024 | D:2      | Slain by Natasha

Skill      XL: |  1  2  3 |
---------------+----------+-----
Fighting       | 3 |  3.5
Axes           | 4 |  4.5
Evocations     | 1 |  1.3
Armour         | |  2.7
Dodging        | |  2.7

Action                   |  1- 3 |  4- 6 || total
-------------------------+-------+-------++-------
Melee: Hand axe          |   107 |    40 ||   147
Invok: Berserk           |     1 |       ||     1
       Trog's Hand       |       |     1 ||     1
Evoke: Wand              |     1 |       ||     1
 Stab: Sleeping          |     1 |       ||     1
  Eat: Chunk             |       |     2 ||     2
Armor: Animal skin       |    19 |     3 ||    22
Dodge: Dodged            |   106 |    20 ||   126
